 Dungeon Crawl Stone Soup version 0.29.1-1-gd02db6906a (webtiles) character file.

Game seed: 2633534345336960408

28944 porpoise the Impaler (level 13, -12/108 HPs)
             Began as a Formicid Abyssal Knight on Oct 1, 2022.
             Was the Champion of Lugonu.
             Mangled by Rupert
             ... wielding a +4 vorpal great mace
              (38 damage)
             ... on level 4 of the Lair of Beasts.
             The game lasted 01:09:44 (16495 turns).

porpoise the Impaler (Formicid Abyssal Knight)     Turns: 16495, Time: 01:09:45

Health: -12/108    AC: 19    Str: 17    XL:     13   Next: 77%
Magic:  22/22      EV:  2    Int: 19    God:    Lugonu [******]
Gold:   1106       SH:  0    Dex: 13    Spells: 12/12 levels left

rFire   . . .      SeeInvis +   a - +3 trident (venom)
rCold   . . .      Faith    .   S - +2 buckler
rNeg    + + +      Spirit   .   y - +8 ring mail of Brilliance {Int+8 Dex-3}
rPois   +          Reflect  .   (helmet unavailable)
rElec   .          Harm     .   (no cloak)
rCorr   +          Rampage  .   v - +1 pair of gloves {infuse}
Will    +....                   t - +1 pair of boots
Stlth   +.........              r - amulet of magic regeneration
HPRegen 0.28/turn               h - +4 ring of slaying
MPRegen 0.58/turn               H - ring of Vean {rPois rN+++ rCorr EV+4 Str-3}

@: sleeping, studying Fighting
A: permanent stasis, dig shafts and tunnels, antennae 3, four strong arms
a: Dig, Shaft Self, Renounce Religion, Depart the Abyss, Bend Space, Banish,
Corrupt, Enter the Abyss, Brand Weapon With Distortion


You were on level 4 of the Lair of Beasts.
You worshipped Lugonu.
Lugonu was exalted by your worship.
You visited 2 branches of the dungeon, and saw 14 of its levels.
You visited the Abyss 1 time.
You also visited: Sewer and Gauntlet.

You collected 1106 gold pieces.

Inventory:

Hand Weapons
 a - a +3 trident of venom (weapon)
 b - a +3 spectral quarterstaff
 w - the +6 spear of Podunac {venom, rCorr SInv}
   (You found it on level 2 of the Lair of Beasts)

   It poisons the flesh of those it strikes.
   SInv:      It lets you see invisible.
   rCorr:     It protects you from acid and corrosion.
Missiles
 l - 40 poisoned darts (quivered)
 p - 3 throwing nets
 J - 4 javelins
 Y - 4 curare-tipped darts
Armour
 o - +0 steam dragon scales
 t - a +1 pair of boots (worn)
 u - an orb of light
 v - a +1 pair of gloves of infusion (worn)
 y - the +8 ring mail of Brilliance (worn) {Int+8 Dex-3}
   (You found it on level 4 of the Dungeon)

   Int:       It affects your intelligence (+8).
   Dex:       It affects your dexterity (-3).
 S - a +2 buckler (worn)
 U - a +2 ring mail of poison resistance
 W - an orb of light
Magical Staves
 N - a staff of poison
Jewellery
 h - a +4 ring of slaying (left hand)
 r - an amulet of magic regeneration (around neck)
 G - a +6 ring of dexterity
 H - the ring of Vean (right hand) {rPois rN+++ rCorr EV+4 Str-3}
   (You found it in a Gauntlet)

   [ring of evasion]

   EV:        It affects your evasion (+4).
   Str:       It affects your strength (-3).
   rPois:     It protects you from poison.
   rN:        It renders you almost immune to negative energy.
   rCorr:     It protects you from acid and corrosion.
 K - a +4 ring of evasion
 O - an amulet of faith
 Q - a ring of wizardry
 R - an amulet of regeneration
 T - a ring of poison resistance
Wands
 i - a wand of flame (25)
 m - a wand of roots (14)
 M - a wand of mindburst (7)
 P - a wand of charming (5)
 V - a wand of quicksilver (6)
Scrolls
 k - 2 scrolls of fear
 n - a scroll of amnesia
 q - 2 scrolls of noise
 x - 3 scrolls of fog
 A - a scroll of enchant weapon
 C - 2 scrolls of magic mapping
 D - 3 scrolls of summoning
 L - a scroll of poison
 X - a scroll of enchant armour
Potions
 c - a potion of attraction
 d - 12 potions of curing
 e - 2 potions of cancellation
 f - 2 potions of lignification
 g - 6 potions of might
 j - a potion of resistance
 s - 4 potions of heal wounds
 z - 2 potions of ambrosia
 B - a potion of brilliance
 E - a potion of invisibility
 F - a potion of mutation
 I - a potion of magic


   Skills:
 - Level 12.0 Fighting
 - Level 15.2(15.3) Polearms
 - Level 3.5(10.5) Staves
 - Level 9.0 Armour
 + Level 6.6 Dodging
 + Level 8.5 Shields
 - Level 12.0 Invocations
 - Level 5.0 Evocations


You had 12 spell levels left.
You didn't know any spells.
Your spell library contained the following spells:

 Spells                   Type           Power      Damage    Failure   Level
 Apportation              Tloc           0%         N/A       36%         1
 Freeze                   Ice            0%         1d3       36%         1
 Sting                    Tmut/Pois      0%         1d3       36%         1
 Summon Small Mammal      Summ           0%         N/A       36%         1
 Scorch                   Fire           0%         2d5       52%         2
 Sublimation of Blood     Necr           0%         N/A       52%         2
 Wereblood                Tmut           0%         N/A       52%         2
 Call Canine Familiar     Summ           0%         N/A       75%         3
 Conjure Flame            Conj/Fire      0%         6-21      75%         3
 Frozen Ramparts          Ice            0%         1d1       75%         3
 Inner Flame              Hex/Fire       0%         N/A       75%         3
 Portal Projectile        Hex/Tloc       0%         N/A       75%         3
 Stone Arrow              Conj/Erth      0%         3d7       75%         3
 Summon Guardian Golem    Hex/Summ       0%         N/A       75%         3
 Tukima's Dance           Hex            0%         N/A       75%         3
 Animate Armour           Summ/Erth      0%         N/A       98%         4
 Cause Fear               Hex            0%         N/A       98%         4
 Flame Wave               Conj/Fire      0%         2d4       98%         4
 Hailstorm                Conj/Ice       0%         3d3       98%         4
 Ice Form                 Ice/Tmut       0%         N/A       98%         4
 Leda's Liquefaction      Hex/Erth       0%         N/A       98%         4
 Alistair's Intoxication  Tmut/Pois      0%         N/A       100%        5
 Blade Hands              Tmut           0%         N/A       100%        5
 Simulacrum               Ice/Necr       0%         N/A       100%        6
 Summon Cactus Giant      Summ           0%         N/A       100%        6
 Summon Hydra             Summ           0%         N/A       100%        7
 Discord                  Hex            0%         N/A       100%        8
 Lehudib's Crystal Spear  Conj/Erth      0%         10d2      100%        8


Dungeon Overview and Level Annotations

Branches:
Dungeon (10/15)            Temple (0/1) D:4            Lair (4/5) D:10
  Swamp (0/4) Lair:2        Snake (0/4) Lair:2        Slime (0/5) Lair:4
  Sewer (visited)         Gauntlet (visited)
    Orc: D:9-12

Altars:
Fedhas
Gozag
Makhleb
Nemelex Xobeh
Okawaru
Qazlal
Trog
Vehumet
Yredelemnul
Jiyva

Shops:
D:5 *

Annotations:
Lair:4 3 runed translucent doors, Rupert


Innate Abilities, Weirdness & Mutations

You cannot be hasted, slowed, berserked, paralysed or teleported.
You can dig through walls and to a lower floor.
You have a pair of large antennae on your head. (SInv)
Your four strong arms can wield two-handed weapons with a shield.


Message History

You block the dream sheep's attack.
The grasping roots constrict the dream sheep! x2
The roots release their grip on the dream sheep. x2
The dream sheep bites something!
Rupert screams, "Get ready!
I'll kill you!
Or something like that..."
You hit the dream sheep.
The dream sheep is lightly wounded.
You block the dream sheep's attack.
You sock the dream sheep!
The dream sheep is heavily wounded.
The dream sheep shake their wool and sparkle.
You feel drowsy...
You fall asleep.
Rupert roars madly and goes into a rage!
Rupert goes berserk!
The dream sheep bites you!!
You wake up.
Hit: b) +3 quarterstaff (spect)
Press: ? - help, Dir - move target, f - Rupert
Aim: Rupert, wielding a +4 vorpal great mace and wearing a +0 ring mail (berserk, about 23% to evade your +3 spectral quarterstaff)
Your weapon can't reach that far!
Okay, then.
Your +3 trident of venom begins to drip with poison!
a - a +3 trident of venom (weapon)
Reach: a) +3 trident (venom)
Press: ? - help, Dir - move target, f - Rupert
Aim: Rupert, wielding a +4 vorpal great mace and wearing a +0 ring mail (berserk, about 23% to evade your +3 trident of venom)
The dream sheep is in the way.
You barely miss the dream sheep.
The dream sheep is heavily wounded.
You puncture Rupert!
Rupert is poisoned.
Rupert is lightly wounded.
You closely miss Rupert.
Rupert is lightly wounded.
Rupert barely misses you.
You hit Rupert.
Rupert looks as sick as possible!
Rupert is lightly wounded.
Rupert hits you with a +4 vorpal great mace!!!
* * * LOW HITPOINT WARNING * * *
The dream sheep are wreathed in dream dust.
You feel drowsy...
You fall asleep.
Rupert hits you with a +4 vorpal great mace!!!
You die...

# ##...................
##.##P###...................
.......<....................
(...........................
............................
............................
..##P##.##.##.###.....P##.#.
# ## ##.#########....P#....
#####@####.#.."..#....
#.###P#Y@#..#.#......#..##
.......YY{.............##.
.......YY#....###.....##..
........###...###....)#...
........###....##....##...
)....#...............#{..#
......#.....>........#{.#
......#....._........#Z{#


You could see Rupert (berserk, extremely poisoned) and 5 dream sheep.

Vanquished Creatures
  Gastronok (Lair:3)
  A minotaur (Gauntlet)
  2 hydras (Lair:1)
  A catoblepas (Lair:3)
  Erica (D:10)
  A two-headed ogre (D:8)
  Sonja (Lair:3)
  Amaemon (D:9)
  A sixfirhy (Gauntlet)
  A wizard (Gauntlet)
  A cyclops (D:9)
  7 elephants
  Joseph (D:10)
  An orange demon (D:9)
  3 rime drakes
  4 cane toads
  An unseen horror (D:10)
  3 komodo dragons (Lair:3)
  2 trolls (D:10)
  3 tyrant leeches (Lair:2)
  2 slime creatures (Lair:4)
  15 blink frogs
  Sigmund (D:6)
  9 flying skulls (Gauntlet)
  2 wyverns
  3 wraiths (D:10)
  A basilisk (Lair:3)
  31 yaks
  A steam dragon (Lair:2)
  2 swamp worms (Lair:2)
  An acid dragon (D:8)
  8 water moccasins
  2 orc warriors (D:8)
  2 black bears (D:10)
  A sky beast (D:8)
  3 ice beasts
  An ogre (D:6)
  2 centaurs
  A phantom (D:5)
  9 kobold brigands
  8 bullfrogs
  2 gnoll sergeants
  2 necrophages
  A scorpion (D:6)
  4 wights (D:8)
  4 howler monkeys
  2 hounds (D:5)
  3 jellies
  3 orc priests
  3 orc wizards
  An iguana (D:3)
  9 adders
  15 gnolls
  A shadow imp (Gauntlet)
  A white imp (Gauntlet)
  4 ufetubi (Gauntlet)
  10 worms
  2 dart slugs
  27 orcs
  4 bats
  8 endoplasms
  3 giant cockroaches (D:3)
  7 goblins
  4 hobgoblins
  5 jackals
  40 kobolds
  4 quokkas (D:3)
  11 ball pythons
  2 frilled lizards
  9 rats
333 creatures vanquished.

Vanquished Creatures (collateral kills)
  An endoplasm (Sewer)
  A rat (Sewer)
2 creatures vanquished.

Vanquished Creatures (others)
  13 fungi
  38 plants
51 creatures vanquished.

Grand Total: 386 creatures vanquished

Notes
Turn   | Place    | Note
-------+----------+-------------------------------------------
     0 | Abyss:1  | porpoise the Formicid Abyssal Knight began the quest for
                  | the Orb.
     0 | Abyss:1  | Reached XP level 1. HP: 18/18 MP: 2/2
     1 | D:1      | Escaped the Abyss
    64 | D:1      | Reached XP level 2. HP: 13/24 MP: 3/3
   252 | D:1      | Reached XP level 3. HP: 15/30 MP: 4/4
   496 | D:1      | Reached skill level 3 in Polearms
  1535 | D:2      | Reached XP level 4. HP: 37/37 MP: 5/5
  1545 | D:2      | Reached *** piety under Lugonu
  2381 | D:3      | Reached skill level 4 in Polearms
  2381 | D:3      | Reached XP level 5. HP: 22/42 MP: 6/6
  2547 | D:3      | Found an iron altar of Okawaru.
  2794 | D:3      | Found a faded altar of an unknown god.
  2839 | D:3      | Found a burning altar of Makhleb.
  2844 | D:3      | Found a glowing drain.
  2866 | Sewer    | Entered a sewer
  3062 | Sewer    | Noticed a kobold brigand
  3082 | Sewer    | Killed a kobold brigand
  3083 | Sewer    | Reached XP level 6. HP: 50/50 MP: 7/7
  3171 | Sewer    | Reached skill level 5 in Polearms
  3188 | Sewer    | Reached skill level 5 in Fighting
  3458 | Sewer    | Reached XP level 7. HP: 56/56 MP: 8/8
  3462 | Sewer    | Reached skill level 6 in Polearms
  3720 | Sewer    | Reached **** piety under Lugonu
  3746 | D:3      | Identified a scroll of acquirement
  3746 | D:3      | Acquired a manual of Polearms
  4184 | D:3      | Noticed an Executioner
  4187 | D:3      | Noticed an orange demon
  4187 | D:3      | Noticed an orange demon
  4635 | D:4      | Identified the +8 ring mail of Brilliance {Int+8 Dex-3}
  4703 | D:4      | Found an opulent altar of Gozag.
  4906 | D:4      | Found a staircase to the Ecumenical Temple.
  5015 | D:5      | Entered Level 5 of the Dungeon
  5015 | D:5      | Noticed a yak
  5015 | D:5      | Noticed a yak
  5015 | D:5      | Noticed a yak
  5015 | D:5      | Noticed a yak
  5245 | D:5      | Reached skill level 7 in Polearms
  5301 | D:5      | Noticed a water moccasin
  5313 | D:5      | Killed a water moccasin
  5314 | D:5      | Reached XP level 8. HP: 64/64 MP: 10/10
  5340 | D:5      | Killed a yak
  5341 | D:5      | Reached skill level 8 in Polearms
  5360 | D:5      | Killed a yak
  5370 | D:5      | Killed a yak
  5371 | D:5      | Reached skill level 9 in Polearms
  5378 | D:5      | Killed a yak
  5492 | D:5      | Found Duwaub's Serpentskin Sales.
  5640 | D:5      | Reached skill level 5 in Invocations
  5640 | D:5      | Reached XP level 9. HP: 70/72 MP: 12/12
  5746 | D:5      | Found a blossoming altar of Fedhas.
  5857 | D:5      | Found a sparkling altar of Nemelex Xobeh.
  6078 | D:6      | Reached skill level 10 in Polearms
  6130 | D:6      | Noticed Sigmund
  6135 | D:6      | Killed Sigmund
  6236 | D:6      | Found a stormy altar of Qazlal.
  6348 | D:6      | Reached skill level 11 in Polearms
  6380 | D:6      | Reached ***** piety under Lugonu
  7066 | D:7      | Found a bloodstained altar of Trog.
  7220 | D:8      | Found a radiant altar of Vehumet.
  7245 | D:8      | Reached skill level 12 in Polearms
  7257 | D:8      | Noticed a two-headed ogre
  7265 | D:8      | Killed a two-headed ogre
  7266 | D:8      | Reached skill level 5 in Armour
  7266 | D:8      | Reached XP level 10. HP: 58/79 MP: 15/15
  7300 | D:8      | Reached skill level 13 in Polearms
  7300 | D:8      | Reached skill level 1 in Dodging
  8145 | D:8      | Found a basalt altar of Yredelemnul.
  8437 | D:9      | Reached skill level 14 in Polearms
  8668 | D:9      | Noticed an orange demon
  8694 | D:9      | Killed an orange demon
  8695 | D:9      | Reached skill level 1 in Evocations
  8695 | D:9      | Reached XP level 11. HP: 72/84 MP: 16/16
  8761 | D:9      | Noticed Amaemon
  8773 | D:9      | Killed Amaemon
  9069 | D:9      | Noticed a cyclops
  9081 | D:9      | Killed a cyclops
  9093 | D:10     | Entered Level 10 of the Dungeon
  9099 | D:10     | Reached skill level 5 in Dodging
  9156 | D:10     | Noticed an elephant
  9170 | D:10     | Killed an elephant
  9171 | D:10     | Reached skill level 15 in Polearms
  9663 | D:10     | Reached skill level 5 in Evocations
  9805 | D:10     | Found a staircase to the Lair.
  9825 | D:10     | Got the Cyclopedia of the Summer and the Snake
  9937 | D:10     | Noticed Joseph
  9949 | D:10     | Killed Joseph
 10412 | D:10     | Noticed Erica
 10427 | D:10     | Killed Erica
 10839 | Lair:1   | Entered Level 1 of the Lair of Beasts
 10912 | Lair:1   | Reached XP level 12. HP: 90/94 MP: 18/18
 11380 | Lair:1   | Noticed a five-headed hydra
 11398 | Lair:1   | Killed a five-headed hydra
 11677 | Lair:1   | Acquired a manual of Fighting
 11745 | Lair:1   | Noticed an eight-headed hydra
 11756 | Lair:1   | Killed an eight-headed hydra
 12555 | Lair:2   | Found a staircase to the Snake Pit.
 12644 | Lair:2   | Identified the +6 spear of Podunac {venom, rCorr SInv}
 12826 | Lair:2   | Reached skill level 1 in Staves
 12931 | Lair:2   | Reached skill level 1 in Shields
 13032 | Lair:2   | Found a staircase to the Swamp.
 13043 | Lair:2   | Reached skill level 10 in Fighting
 13295 | Lair:3   | Found a gate leading to a gauntlet.
 13314 | Gauntlet | Entered a Gauntlet
 13314 | Gauntlet | Noticed a sixfirhy
 13314 | Gauntlet | Found a transporter.
 13314 | Gauntlet | Found a transporter.
 13322 | Gauntlet | Found a transporter.
 13326 | Gauntlet | Found a transporter.
 13337 | Gauntlet | Found a transporter.
 13338 | Gauntlet | Found a transporter.
 13345 | Gauntlet | Found a runed translucent door.
 13348 | Gauntlet | Found a transporter.
 13359 | Gauntlet | Noticed a sixfirhy
 13363 | Gauntlet | Found a transporter.
 13366 | Gauntlet | Noticed a sixfirhy
 13368 | Gauntlet | Noticed a sixfirhy
 13377 | Gauntlet | Found a transporter.
 13381 | Gauntlet | Found a transporter.
 13389 | Gauntlet | Found a transporter.
 13393 | Gauntlet | Found a transporter.
 13584 | Gauntlet | Killed a sixfirhy
 13866 | Gauntlet | Reached skill level 10 in Invocations
 14092 | Gauntlet | Identified the ring of Vean {rPois rN+++ rCorr EV+4 Str-3}
 14158 | Gauntlet | Noticed a minotaur
 14173 | Gauntlet | Killed a minotaur
 14174 | Gauntlet | Reached XP level 13. HP: 34/106 MP: 15/20
 14462 | Lair:3   | Reached ****** piety under Lugonu
 14528 | Lair:3   | Reached skill level 5 in Shields
 15112 | Lair:3   | Noticed a catoblepas
 15125 | Lair:3   | Killed a catoblepas
 15271 | Lair:3   | Noticed Gastronok
 15271 | Lair:3   | Noticed Sonja
 15299 | Lair:3   | Killed Gastronok
 15619 | Lair:3   | Killed Sonja
 16081 | Lair:4   | Noticed a catoblepas
 16081 | Lair:4   | Noticed a catoblepas
 16356 | Lair:4   | Found a runed translucent gate.
 16356 | Lair:4   | Found a runed translucent gate.
 16356 | Lair:4   | Found a runed translucent gate.
 16378 | Lair:4   | Found a staircase to the Slime Pits.
 16378 | Lair:4   | Found a viscous altar of Jiyva.
 16480 | Lair:4   | Noticed Rupert
 16495 | Lair:4   | Mangled by Rupert

Illustrated notes

Levels and vault maps discovered:
D:1:      dpeg_arrival_rooms_c, layout_basic
D:2:      layout_basic
D:3:      layout_basic, okawaru_gym_becter, makhleb_altar_promises_db,
          basic_ecumenical_altar, portal_sewer_entry_f, st_stairs_2,
          chequers_big_river, kennysheep_nondescript
D:4:      layout_loops_cross, nicolae_gozag_seed_capital,
          minmay_temple_entry_mini_moons
D:5:      layout_basic, lemuel_coloured_pillars_altar,
          mainiacjoe_overflow_alcove_1, guppyfry_shop_venom
D:6:      layout_loops_ring, mainiacjoe_overflow_alcove_2, uniq_sigmund
D:7:      layout_rooms, overflow_temple_1_default,
          hangedman_abyss_or_decor_stabs
D:8:      layout_loops_cross, amcnicky_altar_gilded,
          mainiacjoe_overflow_concentric_impassable
D:9:      layout_small_grid, uniq_amaemon
D:10:     layout_gridville, david_lair_generic, uniq_erica, uniq_joseph
Lair:1:   layout_cellular_growth, serial_bayou_lagoon_a,
          chequers_serial_rivers_small_a
Lair:2:   layout_misc_corridors, minmay_swamp_entry_worms, dummy_snake_entry
Lair:3:   layout_chaotic_city, gauntlet_entry_generic, lemuel_fruit_fields,
          grunt_megastairs_5, lemuel_fruit_fields, uniq_sonja, uniq_gastronok
Lair:4:   nzn_motion_control, layout_long_grid, minmay_slime_entry_pillars,
          gammafunk_ghost_icy, cheibrodos_lair_lostbears, uniq_rupert

Skill      XL: |  1  2  3  4  5  6  7  8  9 10 11 12 13 |
---------------+----------------------------------------+-----
Polearms       | 3 4 5 7 9 12 14 15 | 15.2
Fighting       | 4 5 6 7 8 11 12 | 12.0
Invocations    | 3 5 7 8 10 12 | 12.0
Armour         | 5 7 9 |  9.0
Dodging        | 4 5 6 |  6.6
Evocations     | 1 5 |  5.0
Staves         | 3 |  3.5
Shields        | 4 8 |  8.5

Action                   |  1- 3 |  4- 6 |  7- 9 | 10-12 | 13-15 || total
-------------------------+-------+-------+-------+-------+-------++-------
Melee: Spear             |    85 |   156 |   201 |       |       ||   442
       Punch             |     1 |     2 |     1 |     4 |       ||     8
       Quarterstaff      |       |       |    61 |   134 |    13 ||   208
       Trident           |       |       |    24 |   318 |   230 ||   572
Throw: Dart              |       |     8 |    15 |    43 |    12 ||    78
Evoke: Wand              |       |       |       |       |     1 ||     1
  Use: Scroll            |       |     7 |    11 |    14 |     5 ||    37
       Potion            |       |       |       |     1 |       ||     1
Armor: Leather armour    |     4 |       |       |       |       ||     4
       Ring mail         |     2 |    27 |   106 |   158 |    56 ||   349
Dodge: Dodged            |    17 |    32 |    81 |   147 |    82 ||   359
Block: Buckler           |       |       |       |    31 |    47 ||    78
